 Dungeon Crawl Stone Soup version 0.17.0-26-gececa24 (webtiles) character file.

501 Galdon the Charmwright (level 7, -3/35 HPs)
             Began as a Vine Stalker Skald on Nov 19, 2015.
             Was a Believer of Cheibriados.
             Slain by an orc priest
             ... wielding a +0 flail
              (7 damage)
             ... on level 5 of the Dungeon.
             The game lasted 00:26:56 (3821 turns).

Galdon the Charmwright (Vine Stalker Skald)         Turns: 3821, Time: 00:26:57

Health: -3/35      AC:  5    Str: 17 (20) XL:     7   Next: 17%
Magic:  0/14       EV: 12    Int: 19      God:    Cheibriados [**....]
Gold:   136        SH:  0    Dex: 18      Spells: 5 memorised, 3 levels left

rFire  . . .     SeeInvis .     a - +0 falchion
rCold  . . .     Clarity  .     k - +2 leather armour {rPois}
rNeg   . . .     SustAt   .     (no shield)
rPois  +         Gourm    .     (no helmet)
rElec  .         Spirit   +     (no cloak)
rCorr  .         Warding  .     (no gloves)
rMut   .         Stasis   .     (no boots)
MR     .....                    (no amulet)
Stlth  +.........               (no ring)
                                (no ring)

@: singing (expiring), very slow, not resistant to hostile enchantments, very
unstealthy
A: fangs 2, regeneration 2, magic shield, antimagic bite, no device heal 3, rot
immunity
a: Bend Time, Renounce Religion, Stop Singing


You were on level 5 of the Dungeon.
You worshipped Cheibriados.
Cheibriados was pleased with you.
You were hungry.

You visited 1 branch of the dungeon, and saw 5 of its levels.

You collected 136 gold pieces.

Inventory:

Hand Weapons
 a - a +0 falchion (weapon)
Missiles
 g - 189 stones (quivered)
 m - 6 tomahawks
Armour
 k - a +2 leather armour of poison resistance (worn)
Scrolls
 e - 2 scrolls of magic mapping
 f - a scroll of amnesia
 h - 2 scrolls of identify
 i - 6 scrolls of remove curse
 j - a scroll of blinking {unknown}
 p - a scroll of recharging
 r - a scroll of enchant armour {unknown}
 w - a scroll of enchant weapon {unknown}
Potions
 v - a potion of magic
Books
 c - a book of Battle

   Spells                             Type                      Level
   a - Infusion                       Charms                       1
   b - Shroud of Golubria             Charms/Translocation         2
   c - Song of Slaying                Charms                       2
   d - Spectral Weapon                Hexes/Charms                 3
   e - Regeneration                   Charms/Necromancy            3
Comestibles
 d - 3 bread rations
 o - a slice of pizza
 q - 7 fruits
 s - a meat ration
 u - 2 beef jerkies


   Skills:
 * Level 2.9 Fighting
 * Level 2.9 Long Blades
 + Level 1.4 Throwing
 + Level 1.7 Armour
 + Level 1.5 Dodging
 * Level 4.0 Spellcasting
 * Level 4.5 Charms
 + Level 1.5 Translocations


You had 3 spell levels left.
You knew the following spells:

 Your Spells              Type           Power        Failure   Level  Hunger
a - Infusion              Chrm           ###...       2%          1    None
b - Song of Slaying       Chrm           ###.....     4%          2    ##.....
c - Shroud of Golubria    Chrm/Tloc      ###.......   10%         2    ##.....
d - Regeneration          Chrm/Necr      ##........   21%         3    ###....
e - Spectral Weapon       Hex/Chrm       ##......     21%         3    ###....


Dungeon Overview and Level Annotations

Branches:
Dungeon (5/15)
 Temple: D:4-7

Altars:
Ashenzari
Cheibriados
Elyvilon
Fedhas
Xom


Innate Abilities, Weirdness & Mutations

You have extremely sharp teeth.
You heal very quickly.
When hurt, damage is shared between your health and your magic reserves.
Your bite disrupts and absorbs the magic of your enemies.
Potions and wands cannot restore your health.
You are immune to rotting.


Message History

The orc wizard points at you and mumbles some strange words.
The magic dart hits you!
* * * LOW HITPOINT WARNING * * *
Read which item? (? for menu, Esc to quit)
Okay, then.
Unknown command.
You hit the orc priest.
You bite the orc priest, but do no damage.
The orc priest is almost dead.
Your song is almost over.
The orc priest hits you with a flail.
* * * LOW HITPOINT WARNING * * *
The orc wizard hits you but does no damage.
Drink which item? (? for menu, Esc to quit)
Okay, then.
You completely miss the orc priest. Your bite misses the orc priest.
The orc priest is almost dead.
You hear a shout!
The orc priest hits you with a flail!
You die...

#### #.. #.#
# #####.##.#
#oo@o<...#
#o###.#......
#o#......$..#
#o#.#.....#.#
o...###.#.# #
.#. .# # #..o
?> ##. .. ..
...


You could see 2 orc priests, an orc wizard and an orc.

Vanquished Creatures
  A giant frog skeleton (D:3)
  An orc priest (D:4)
  5 hounds (D:4)
  An orc wizard (D:4)
  2 worker ants (D:4)
  A hound skeleton (D:3)
  9 adders
  A shadow imp (D:3)
  2 oozes (D:1)
  2 worms (D:2)
  4 giant geckos
  7 orcs
  4 giant cockroaches
  16 goblins
  12 hobgoblins
  5 jackals
  12 kobolds
  2 quokkas
  2 ball pythons
  3 bats
  5 giant newts
  5 rats
102 creatures vanquished.

Notes
Turn   | Place    | Note
--------------------------------------------------------------
     0 | D:1      | Galdon the Vine Stalker Skald began the quest for the Orb.
     0 | D:1      | Reached XP level 1. HP: 11/11 MP: 4/4
   129 | D:1      | Reached XP level 2. HP: 13/15 MP: 6/6
   140 | D:1      | Learned a level 2 spell: Song of Slaying
   143 | D:1      | Learned a level 2 spell: Shroud of Golubria
   396 | D:1      | Reached XP level 3. HP: 18/18 MP: 1/7
   826 | D:1      | Reached skill level 1 in Armour
  1113 | D:2      | Reached skill level 1 in Dodging
  1113 | D:2      | Reached XP level 4. HP: 20/23 MP: 5/9
  1252 | D:2      | Learned a level 3 spell: Regeneration
  1355 | D:2      | Found a shimmering altar of Xom.
  1402 | D:2      | Found a snail-covered altar of Cheibriados.
  1434 | D:2      | Became a worshipper of Cheibriados the Contemplative
  1574 | D:2      | Reached XP level 5. HP: 27/27 MP: 6/10
  1805 | D:2      | Reached skill level 1 in Throwing
  1858 | D:3      | Reached skill level 1 in Translocations
  1959 | D:3      | Found a shattered altar of Ashenzari.
  2072 | D:3      | Reached * piety under Cheibriados
  2105 | D:3      | Reached skill level 4 in Charms
  2237 | D:3      | Found a blossoming altar of Fedhas.
  2839 | D:4      | Gained mutation: You heal very quickly. [Vine Stalker growth]
  2839 | D:4      | Reached XP level 6. HP: 30/32 MP: 7/12
  2847 | D:4      | Learned a level 3 spell: Spectral Weapon
  2866 | D:4      | Found a white marble altar of Elyvilon.
  3321 | D:4      | Reached ** piety under Cheibriados
  3379 | D:4      | Reached XP level 7. HP: 35/35 MP: 13/13
  3795 | D:5      | Entered Level 5 of the Dungeon
  3821 | D:5      | Slain by an orc priest

Action                   |  1- 3 |  4- 6 |  7- 9 || total
-------------------------+-------+-------+-------++-------
Melee: Falchion          |   112 |   187 |    28 ||   327
Throw: Stone             |    44 |   101 |    12 ||   157
 Cast: Infusion          |     5 |       |       ||     5
       Shroud of Golubri |    20 |    38 |     5 ||    63
       Song of Slaying   |       |     5 |     1 ||     6
       Spectral Weapon   |       |     1 |       ||     1
  Use: Scroll            |     1 |     3 |     2 ||     6
       Potion            |       |     4 |     1 ||     5
 Stab: Sleeping          |     1 |       |       ||     1
  Eat: Chunk             |     3 |     9 |       ||    12
